 Dungeon Crawl Stone Soup version 0.31-a0-219-g8d62b2e7bb (webtiles) character file.

Game seed: 13767386015616828703

248 qw the Shooter (level 6, -3/35 HPs)
             Began as a Gargoyle Hexslinger on July 3, 2023.
             Slain by a scorpion (6 damage)
             ... on level 3 of the Dungeon.
             The game lasted 00:01:23 (2981 turns).

qw the Shooter (Gargoyle Hexslinger)                Turns: 2981, Time: 00:01:24

Health: -3/35      AC: 18    Str: 12    XL:     6   Next: 12%
Magic:  7/7        EV: 10    Int: 13    God:
Gold:   200        SH:  0    Dex: 14    Spells: 6/7 levels left

rFire   + . .        Y - +1 sling
rCold   . . .        (no shield)
rNeg    + . .        c - +0 ring mail
rPois   inf          o - +0 helmet
rElec   +            (no cloak)
rCorr   .            g - +3 pair of gauntlets of War {Slay+5}
SInv    .            (no boots)
Will    .....        (no amulet)
Stlth   +            f - +4 ring of protection
HPRegen 0.25/turn    e - ring of protection from fire
MPRegen 0.10/turn

%: no passive effects
@: lit by a corona, glowing
A: sickness immunity, AC +4, negative energy resistance 1, electricity
resistance, torment resistance 1, petrification resistance
a: no special abilities


You were on level 3 of the Dungeon.
You visited 1 branch of the dungeon, and saw 4 of its levels.

You collected 200 gold pieces.


Innate Abilities, Weirdness & Mutations

You are immune to sickness and miasma.
Your stone body is resilient. (AC +4)
You are immune to poison.
You resist negative energy. (rN+)
You are resistant to electric shocks. (rElec)
You are resistant to unholy torment.
You are immune to petrification.


   Skills:
 + Level 2.1 Fighting
 - Level 5.8 Ranged Weapons
 - Level 1.0 Armour
 - Level 1.5 Dodging
 - Level 1.0 Spellcasting
 - Level 2.6 Hexes


You had 6 spell levels left.
You knew the following spells:

 Your Spells              Type           Power      Damage    Failure   Level
a - Slow                  Hex            28%        N/A       22%         1

Your spell library contained the following spells:

 Spells                   Type           Power      Damage    Failure   Level
 Inner Flame              Hex/Fire       4%         N/A       73%         3
 Portal Projectile        Hex/Tloc       8%         N/A       73%         3
 Cause Fear               Hex            3%         N/A       91%         4

Inventory:

Hand Weapons
 Y - a +1 sling (weapon)
Armour
 c - a +0 ring mail (worn)
 g - the +3 pair of gauntlets of War (worn) {Slay+5}
   (You acquired it on level 3 of the Dungeon)

   Slay:      It affects your accuracy & damage with ranged weapons and melee
   (+5).
 o - a +0 helmet (worn)
Jewellery
 e - a ring of protection from fire (right hand)
 f - a +4 ring of protection (left hand)
Scrolls
 a - a scroll of identify
Potions
 k - a potion of might {unknown}
 l - a potion of haste {unknown}
 n - a potion of curing {unknown}

Dungeon Overview and Level Annotations

Branches:
Dungeon (4/15)
 Temple: D:4-7

Altars:
Cheibriados
Dithmenos

Annotations:
D:3 Dowan


Message History

You shoot a sling bullet. The sling bullet hits Duvessa.
Duvessa is almost dead.
Duvessa barely misses you.
The scorpion stings you but does no damage.
You shoot a sling bullet. The sling bullet hits Duvessa.
You kill Duvessa!
Dowan screams, "No!
Oh no!"
Dowan seems to find hidden reserves of power!
The scorpion stings you but does no damage.
Dowan closely misses you. The scorpion stings you.
Your Ranged Weapons skill increases to level 5!
You have reached level 6!
2976 ||| DRINKING potion of heal wounds.
You feel much better. Dowan hits you but does no damage.
The scorpion stings you but does no damage.
Dowan hits you but does no damage.
You shoot a sling bullet. The sling bullet hits Dowan!
Dowan is almost dead.
Dowan hits you but does no damage. The scorpion closely misses you.
Dowan closely misses you.
You shoot a sling bullet.
The sling bullet completely misses Dowan.
The scorpion stings you but does no damage.
Dowan hits you but does no damage. The scorpion closely misses you.
Dowan hits you but does no damage.
You shoot a sling bullet. The sling bullet misses Dowan.
Dowan points at you and mumbles some strange words.
The shard of ice hits you!!
Ouch! That really hurt!
The scorpion barely misses you. Dowan hits you but does no damage.
You shoot a sling bullet. The sling bullet closely misses Dowan.
The scorpion closely misses you. Dowan hits you with a +0 dagger.
The scorpion barely misses you.
You shoot a sling bullet. The sling bullet barely misses Dowan.
Dowan gestures wildly while chanting.
Dowan blinks!
Dowan mumbles some strange words.
Dowan blinks!
The scorpion stings you.
You die...

#.....#.##.#.....#
#####.#.##.#..¤..#
#.#.##.#.....#
#_#.##.#.....#
###########.##.#.....#
............##.#.....#
##############.#.##.##
#..............#¤##.#
#..............s@##.#
#..################.#
....# #.# 7...# #.#
.7..# #.# _.7.# #.#
.7..## #.# 7....# #.#
.....# #.#############


You could see a scorpion.

Vanquished Creatures
  Duvessa (D:3)
  Jessica (D:3)
  Robin (D:3)
  2 adders (D:3)
  3 worms
  A dart slug (D:3)
  4 orcs (D:3)
  4 endoplasms
  3 giant cockroaches (D:3)
  10 goblins
  9 hobgoblins
  2 jackals (D:2)
  3 quokkas
  4 ball pythons
  5 bats
  8 frilled lizards
  7 kobolds
  8 rats
76 creatures vanquished.

Notes
Turn   | Place    | Note
-------+----------+-------------------------------------------
     0 | D:1      | qw the Gargoyle Hexslinger began the quest for the Orb.
     0 | D:1      | Reached XP level 1. HP: 12/12 MP: 2/2
     0 | D:1      | 0 ||| qw: Version: 0.3-a-40-ge99b1a8
     0 | D:1      | 0 ||| qw: Game counter: 423
     0 | D:1      | 0 ||| qw: Melee chars always use a shield: true
     0 | D:1      | 0 ||| qw: God list: Okawaru
     0 | D:1      | 0 ||| qw: Allow faded altars: false
     0 | D:1      | 0 ||| qw: Do Orc after clearing Dungeon:15 true
     0 | D:1      | 0 ||| qw: Do second Lair branch before Depths: true
     0 | D:1      | 0 ||| qw: Lair rune preference: random
     0 | D:1      | 0 ||| qw: Goals: Normal
     0 | D:1      | 0 ||| PLANNING D:1-11
   163 | D:1      | Reached XP level 2. HP: 16/16 MP: 3/3
   568 | D:1      | Reached skill level 3 in Ranged Weapons
   867 | D:1      | 867 ||| UPGRADING to +0 leather armour.
   877 | D:1      | 877 ||| DROPPING +0 robe.
   878 | D:1      | 878 ||| UPGRADING to +4 ring of protection.
   879 | D:1      | 879 ||| READING 2 scrolls labelled INOTAR QIRUASY.
   880 | D:1      | 880 ||| READING scroll labelled BEAFIAWNY.
   881 | D:1      | 881 ||| READING scroll labelled SEVOVIERON.
   882 | D:1      | 882 ||| DROPPING scroll of fog.
   883 | D:1      | 883 ||| DROPPING scroll of poison.
  1296 | D:2      | Reached XP level 3. HP: 21/21 MP: 4/4
  1623 | D:2      | 1623 ||| UPGRADING to +0 ring mail.
  1633 | D:2      | 1633 ||| DROPPING +0 leather armour.
  1634 | D:2      | 1634 ||| UPGRADING to +0 helmet.
  1639 | D:2      | 1639 ||| UPGRADING to +0 pair of gloves.
  1644 | D:2      | 1644 ||| UPGRADING to ring of protection from fire.
  1645 | D:2      | 1645 ||| DROPPING ring of magical power.
  1646 | D:2      | 1646 ||| DRINKING 2 murky blue potions.
  1647 | D:2      | 1647 ||| READING 2 scrolls of identify.
  1647 | D:2      | 1647 ||| IDENTIFYING sedimented golden potion
  1648 | D:2      | 1648 ||| DROPPING potion of degeneration.
  1716 | D:3      | Reached skill level 1 in Armour
  1763 | D:3      | Noticed Jessica
  1780 | D:3      | Reached XP level 4. HP: 26/26 MP: 5/5
  1787 | D:3      | Found a faded altar of an unknown god.
  1975 | D:3      | Killed Jessica
  1976 | D:3      | Reached skill level 4 in Ranged Weapons
  1982 | D:3      | 1982 ||| FLEEEEING.
  1983 | D:3      | 1983 ||| FLEEEEING.
  1984 | D:3      | 1984 ||| FLEEEEING.
  2014 | D:3      | Found a snail-covered altar of Cheibriados.
  2031 | D:3      | Noticed Robin
  2058 | D:3      | Killed Robin
  2232 | D:3      | Reached XP level 5. HP: 21/30 MP: 6/6
  2612 | D:3      | 2612 ||| Stepping ~*~*~tactically~*~*~ (outnumbered).
  2732 | D:3      | Found a shadowy altar of Dithmenos.
  2859 | D:3      | 2859 ||| DROPPING amulet of magic regeneration.
  2860 | D:3      | 2860 ||| READING scroll labelled PUPSOKK QIOSH.
  2860 | D:3      | Identified a scroll of acquirement
  2860 | D:3      | 2860 ||| ACQUIRING +3 pair of gauntlets of War {Slay+5}
  2860 | D:3      | Acquired the +3 pair of gauntlets of War {Slay+5}
  2860 | D:3      | Found the +3 pair of gauntlets of War {Slay+5}
  2862 | D:3      | 2862 ||| UPGRADING to +3 pair of gauntlets of War {Slay+5}.
  2872 | D:3      | 2872 ||| DROPPING +0 pair of gloves.
  2873 | D:3      | 2873 ||| READING scroll labelled SOL LECRADACS.
  2874 | D:3      | 2874 ||| DRINKING 3 metallic ruby potions.
  2875 | D:3      | 2875 ||| DRINKING 3 emerald potions.
  2876 | D:3      | 2876 ||| READING 2 scrolls of identify.
  2876 | D:3      | 2876 ||| IDENTIFYING sedimented silvery potion
  2877 | D:3      | 2877 ||| DROPPING 2 potions of brilliance.
  2878 | D:3      | 2878 ||| DROPPING potion of berserk rage.
  2879 | D:3      | 2879 ||| DROPPING 2 potions of invisibility.
  2946 | D:4      | Noticed Duvessa
  2946 | D:4      | Noticed Dowan
  2957 | D:4      | 2957 ||| STAIRDANCE
  2970 | D:4      | 2970 ||| STAIRDANCE
  2975 | D:3      | Killed Duvessa
  2975 | D:3      | HP: 6/30 [scorpion (6)]
  2976 | D:3      | Reached skill level 5 in Ranged Weapons
  2976 | D:3      | Reached XP level 6. HP: 7/35 MP: 7/7
  2976 | D:3      | 2976 ||| DRINKING potion of heal wounds.
  2980 | D:3      | HP: 2/35 [Dowan/+0 dagger (2)]
  2981 | D:3      | Slain by a scorpion

Levels and vault maps discovered:
D:1:      elethiomel_arrival_diamonds, layout_basic
D:2:      layout_basic
D:3:      layout_basic, lemuel_doored_altar, overflow_temple_1_default,
          chequers_ecumenical_altar_simple_redux, kennysheep_nub,
          minmay_pentangle, uniq_jessica, uniq_robin
D:4:      layout_basic, minmay_temple_entry_crystal_x, minmay_small_thing,
          uniq_natasha, uniq_sigmund, uniq_duvessa

Skill      XL: |  1  2  3  4  5 |
---------------+----------------+-----
Ranged Weapons | 3 4 5 |  5.8
Fighting       | 2 |  2.1
Armour         | 1 |  1.0
Dodging        | |  1.5
Spellcasting   | |  1.0
Hexes          | |  2.6

Action                     |  1- 3 |  4- 6 || total
---------------------------+-------+-------++-------
   Fire: Sling             |   171 |   155 ||   326
    Use: Scroll            |     4 |     3 ||     7
         Potion            |     1 |     3 ||     4
 Armour: Robe              |     2 |       ||     2
         Leather armour    |    25 |       ||    25
         Ring mail         |    23 |    82 ||   105
  Dodge: Dodged            |    72 |    92 ||   164

Table legend:
 A = Non-vault XP
 B = Vault XP
 C = Vault XP percentage of total XP
 D = Non-vault monster count
 E = Vault monster count
 F = Vault count percentage of total count
                 A         B        C        D         E       F
            +---------+---------+-------+---------+---------+-------
      Total |     110 |     245 |  69.0 |      45 |      31 |  40.8
            +---------+---------+-------+---------+---------+-------
        D:1 |      12 |       8 |  40.0 |       9 |       7 |  43.8
        D:2 |      32 |       0 |   0.0 |      15 |       0 |   0.0
        D:3 |      64 |     237 |  78.7 |      20 |      24 |  54.5
        D:4 |       2 |       0 |   0.0 |       1 |       0 |   0.0
            +---------+---------+-------+---------+---------+-------
